SAA
ST. PETERSBURG THUNDER @ TOLEDO SABOTEURS
09/02/2042
 
TOP OF THE 1ST
St. Petersburg Thunder batting - Pitching for Toledo Saboteurs : RHP Tony Ruvenacht
Pitching: RHP Tony Ruvenacht
Batting: LHB Lorenzo Ortíz 0-0: Called Strike
0-1: Ground out 4-3 (Groundball, 4, EV 86.9 MPH)
Batting: LHB Caspar Fewings 0-0: Called Strike
0-1: Foul Ball, location: 2F
0-2: Ball
1-2: Foul Ball, location: 2F
1-2: Strikes out swinging
Batting: RHB Gene Blanton 0-0: Ground out 5-3 (Groundball, 56, EV 103.1 MPH)
Top of the 1st over - 0 runs, 0 hits, 0 errors, 0 left on base; St. Petersburg 0 - Toledo 0
BOTTOM OF THE 1ST
Toledo Saboteurs batting - Pitching for St. Petersburg Thunder : RHP Héctor Marroquín
Pitching: RHP Héctor Marroquín
Batting: LHB Gwang-soo Deungjeong 0-0: Foul Ball, location: 2F
0-1: Fly out, F6 (Line Drive, 6, EV 67.5 MPH)
Batting: LHB Doug Pollock 0-0: Ball
1-0: Ground out 4-3 (Groundball, 4, EV 91.2 MPH)
Batting: LHB Steve Washington 0-0: Ball
1-0: Foul Ball, location: 2F
1-1: Swinging Strike
1-2: Ball
2-2: Strikes out looking
Bottom of the 1st over - 0 runs, 0 hits, 0 errors, 0 left on base; St. Petersburg 0 - Toledo 0
TOP OF THE 2ND
St. Petersburg Thunder batting - Pitching for Toledo Saboteurs : RHP Tony Ruvenacht
Batting: RHB António Hierro 0-0: DOUBLE (Line Drive, 7LM, EV 106.2 MPH)
Batting: RHB John Crosby 0-0: Ball
1-0: Ball
2-0: Called Strike
2-1: Ball
3-1: Swinging Strike
3-2: Strikes out looking
Batting: RHB Alfred Coleman 0-0: Ball
1-0: Ball
2-0: Foul Ball, location: 2F
2-1: Foul Ball, location: 2F
2-2: SINGLE (Groundball, 56D, EV 96.2 MPH)
António Hierro to third
Batting: RHB Curtis Tiger 0-0: Ball
1-0: Swinging Strike
1-1: Foul Ball, location: 2F
1-2: Foul Ball, location: 2F
1-2: Ball
2-2: Strikes out looking
Batting: SHB Leonard Davis 0-0: Called Strike
0-1: Ball
1-1: Ball
2-1: Foul Ball, location: 2F
2-2: Hit by Pitch
Alfred Coleman to second
Batting: RHB Jim Rigsby 0-0: Ball
1-0: Called Strike
1-1: Ball
2-1: Foul Ball, location: 2F
2-2: Ball
3-2: Foul Ball, location: 2F
3-2: Base on Balls
António Hierro scores
Alfred Coleman to third
Leonard Davis to second
Batting: LHB Lorenzo Ortíz 0-0: Called Strike
0-1: Ball
1-1: Foul Ball, location: 2F
1-2: Foul Ball, location: 2F
1-2: Ball
2-2: Strikes out looking
Top of the 2nd over - 1 run, 2 hits, 0 errors, 3 left on base; St. Petersburg 1 - Toledo 0
BOTTOM OF THE 2ND
Toledo Saboteurs batting - Pitching for St. Petersburg Thunder : RHP Héctor Marroquín
Batting: RHB Niek Bendt 0-0: Ball
1-0: Called Strike
1-1: Ball
2-1: SINGLE (Groundball, 6, EV 86.2 MPH) (infield hit)
Batting: RHB Coy MacKey 0-0: Called Strike
0-1: Ball
1-1: SINGLE (Flyball, 9LS, EV 98.8 MPH)
Niek Bendt to second
Batting: SHB Mark Thomas 0-0: Grounds into double play, 6-4-3 (Groundball, 6, EV 90.0 MPH)
Niek Bendt to third
Batting: SHB Manuel Ortíz 0-0: Called Strike
0-1: Ball
1-1: Swinging Strike
1-2: Strikes out swinging
Bottom of the 2nd over - 0 runs, 2 hits, 0 errors, 1 left on base; St. Petersburg 1 - Toledo 0
TOP OF THE 3RD
St. Petersburg Thunder batting - Pitching for Toledo Saboteurs : RHP Tony Ruvenacht
Batting: LHB Caspar Fewings 0-0: Ground out 3-1 (Groundball, 34, EV 104.4 MPH)
Batting: RHB Gene Blanton 0-0: Ball
1-0: Ball
2-0: Called Strike
2-1: Swinging Strike
2-2: Foul Ball, location: 2F
2-2: Ball
3-2: Foul Ball, location: 2F
3-2: Base on Balls
Batting: RHB António Hierro 0-0: Ball
1-0: Foul Ball, location: 2F
1-1: Foul Ball, location: 2F
1-2: Foul Ball, location: 2F
1-2: Grounds into double play, 6-4-3 (Groundball, 6M, EV 89.4 MPH)
Top of the 3rd over - 0 runs, 0 hits, 0 errors, 0 left on base; St. Petersburg 1 - Toledo 0
BOTTOM OF THE 3RD
Toledo Saboteurs batting - Pitching for St. Petersburg Thunder : RHP Héctor Marroquín
Batting: RHB Ron Ficco 0-0: Foul Ball, location: 2F
0-1: Ball
1-1: Foul Ball, location: 2F
1-2: Ball
2-2: SINGLE (Groundball, 56, EV 81.9 MPH) (infield hit)
Batting: SHB Ralph Titus 0-0: Ball
1-0: Fly out, F9 (Flyball, 9LM, EV 95.0 MPH)
Batting: LHB Gwang-soo Deungjeong 0-0: SINGLE (Groundball, 4, EV 109.4 MPH) (infield hit)
Ron Ficco to second
Batting: LHB Doug Pollock 0-0: DOUBLE (Line Drive, 3D, EV 98.1 MPH)
Ron Ficco scores
Gwang-soo Deungjeong to third
Batting: LHB Steve Washington 0-0: Ball
1-0: SINGLE (Groundball, 6MD, EV 104.4 MPH)
Gwang-soo Deungjeong scores
Doug Pollock to third
Runner from 3rd tries for Home, SAFE, throw by CF to home
Batting: RHB Niek Bendt 0-0: Ball
1-0: Swinging Strike
1-1: SINGLE (Groundball, 6S, EV 70.6 MPH) (infield hit)
Steve Washington to second
Batting: RHB Coy MacKey 0-0: Ball
1-0: Ball
2-0: Foul Ball, location: 2F
2-1: Foul Ball, location: 2F
2-2: Fielders Choice at 2nd, 5-4 (Groundball, 56, EV 83.8 MPH)
Steve Washington to third
Batting: SHB Mark Thomas 0-0: DOUBLE (Line Drive, 9LS, EV 111.2 MPH)
Steve Washington scores
Coy MacKey to third
Runner from 3rd tries for Home, SAFE, throw by RF to trailing runner, SAFE at third!
Batting: SHB Manuel Ortíz 0-0: Ball
1-0: Called Strike
1-1: Ground out 5-3 (Groundball, 56S, EV 83.8 MPH)
Bottom of the 3rd over - 5 runs, 6 hits, 0 errors, 1 left on base; St. Petersburg 1 - Toledo 5
TOP OF THE 4TH
St. Petersburg Thunder batting - Pitching for Toledo Saboteurs : RHP Tony Ruvenacht
Batting: RHB John Crosby 0-0: Ball
1-0: DOUBLE (Groundball, 3L, EV 108.1 MPH)
Batting: RHB Alfred Coleman 0-0: Ball
1-0: Called Strike
1-1: Foul Ball, location: 2F
1-2: Ball
2-2: Foul Ball, location: 2F
2-2: Fly out, F7 (Flyball, 7S, EV 84.4 MPH)
Batting: RHB Curtis Tiger 0-0: Called Strike
0-1: Ball
1-1: Swinging Strike
1-2: Ball
2-2: Ball
3-2: Fly out, F8 (Line Drive, 8LD, EV 93.8 MPH)
Batting: SHB Leonard Davis 0-0: Ball
1-0: Foul Ball, location: 2F
1-1: Foul Ball, location: 2F
1-2: Ball
2-2: Fly out, F4 (Popup, 4, EV 53.1 MPH)
Top of the 4th over - 0 runs, 1 hit, 0 errors, 1 left on base; St. Petersburg 1 - Toledo 5
BOTTOM OF THE 4TH
Toledo Saboteurs batting - Pitching for St. Petersburg Thunder : RHP Héctor Marroquín
Batting: RHB Ron Ficco 0-0: Ground out 6-3 (Groundball, 6M, EV 98.8 MPH)
Batting: SHB Ralph Titus 0-0: Foul Ball, location: 2F
0-1: Swinging Strike
0-2: Fly out, F9 (Flyball, 9S, EV 96.2 MPH)
Batting: LHB Gwang-soo Deungjeong 0-0: Ball
1-0: Ball
2-0: Ball
3-0: Called Strike
3-1: Base on Balls
Batting: LHB Doug Pollock 0-0: Ball
1-0: Called Strike
1-1: Fly out, F9 (Flyball, 89D, EV 94.4 MPH)
Bottom of the 4th over - 0 runs, 0 hits, 0 errors, 1 left on base; St. Petersburg 1 - Toledo 5
TOP OF THE 5TH
St. Petersburg Thunder batting - Pitching for Toledo Saboteurs : RHP Tony Ruvenacht
Batting: RHB Jim Rigsby 0-0: Foul Ball, location: 2F
0-1: Ball
1-1: Ball
2-1: Ground out 5-3 (Groundball, 5, EV 100.6 MPH)
Batting: LHB Lorenzo Ortíz 0-0: Ground out 4-3 (Groundball, 4, EV 84.4 MPH)
Batting: LHB Caspar Fewings 0-0: Ball
1-0: Called Strike
1-1: Called Strike
1-2: Ball
2-2: Fly out, F9 (Line Drive, 9, EV 98.8 MPH)
Top of the 5th over - 0 runs, 0 hits, 0 errors, 0 left on base; St. Petersburg 1 - Toledo 5
BOTTOM OF THE 5TH
Toledo Saboteurs batting - Pitching for St. Petersburg Thunder : RHP Héctor Marroquín
Batting: LHB Steve Washington 0-0: Swinging Strike
0-1: Ball
1-1: Ground out 2-3 (Groundball, 2R, EV 74.4 MPH)
Batting: RHB Niek Bendt 0-0: SINGLE (Groundball, 6MD, EV 97.5 MPH)
Batting: RHB Coy MacKey 0-0: Ball
1-0: Foul Ball, location: 2F
1-1: Foul Ball, location: 2F
1-2: Foul Ball, location: 2F
1-2: Ball
2-2: DOUBLE (Flyball, 7D, EV 91.2 MPH)
Niek Bendt to third
Pitching: RHP Jyotibhasin Kodi
Batting: SHB Mark Thomas 0-0: Ball
1-0: Ball
2-0: Fly out, F8 (Flyball, 8LXD, EV 105.0 MPH)
Runner from 3rd tags up, SCORES, no throw by CF
Coy MacKey to third
Batting: SHB Manuel Ortíz 0-0: DOUBLE (Flyball, 8LXD, EV 107.5 MPH)
Coy MacKey scores
Batting: RHB Ron Ficco 0-0: Ball
1-0: Foul Ball, location: 2F
1-1: Foul Ball, location: 2F
1-2: Foul Ball, location: 2F
1-2: Foul Ball, location: 2F
1-2: Foul Ball, location: 2F
1-2: Ground out 6-3 (Groundball, 6, EV 86.9 MPH)
Bottom of the 5th over - 2 runs, 3 hits, 0 errors, 1 left on base; St. Petersburg 1 - Toledo 7
TOP OF THE 6TH
St. Petersburg Thunder batting - Pitching for Toledo Saboteurs : RHP Tony Ruvenacht
Batting: RHB Gene Blanton 0-0: Called Strike
0-1: SOLO HOME RUN (Flyball, 7LD, EV 90.6 MPH), Distance : 351 ft
Batting: RHB António Hierro 0-0: Called Strike
0-1: Ground out 4-3 (Groundball, 4M, EV 88.1 MPH)
Batting: RHB John Crosby 0-0: Fly out, F8 (Line Drive, 8LM, EV 103.1 MPH)
Batting: RHB Alfred Coleman 0-0: Called Strike
0-1: Ground out 6-3 (Groundball, 6, EV 89.4 MPH)
Top of the 6th over - 1 run, 1 hit, 0 errors, 0 left on base; St. Petersburg 2 - Toledo 7
BOTTOM OF THE 6TH
Toledo Saboteurs batting - Pitching for St. Petersburg Thunder : RHP Jyotibhasin Kodi
Batting: SHB Ralph Titus 0-0: Swinging Strike
0-1: SINGLE (Groundball, 34D, EV 94.4 MPH)
Batting: LHB Gwang-soo Deungjeong 0-0: Called Strike
0-1: Fly out, F4 (Popup, 4M, EV 56.9 MPH)
Batting: LHB Doug Pollock 0-0: Called Strike
0-1: Ball
1-1: Ball
2-1: Called Strike
2-2: Foul Ball, location: 2F
2-2: Ball
3-2: SINGLE (Groundball, 3L, EV 95.0 MPH)
Ralph Titus to second
Runner from 2nd tries for 3rd, SAFE, no throw by RF
Batting: LHB Steve Washington 0-0: Ball
Doug Pollock steals 2nd base (no throw)
1-0: Foul Ball, location: 2F
1-1: Called Strike
1-2: Foul Ball, location: 2F
1-2: Ball
2-2: Ball
3-2: Strikes out looking
Batting: RHB Niek Bendt 0-0: Ball
1-0: Foul Ball, location: 2F
1-1: Called Strike
1-2: Ball
2-2: Strikes out swinging
Bottom of the 6th over - 0 runs, 2 hits, 0 errors, 2 left on base; St. Petersburg 2 - Toledo 7
TOP OF THE 7TH
St. Petersburg Thunder batting - Pitching for Toledo Saboteurs : RHP Tony Ruvenacht
Batting: RHB Curtis Tiger 0-0: Swinging Strike
0-1: Swinging Strike
0-2: Ground out 6-3 (Groundball, 6M, EV 95.0 MPH)
Batting: SHB Leonard Davis 0-0: Foul Ball, location: 2F
0-1: Called Strike
0-2: Ball
1-2: Ground out 4-3 (Groundball, 4, EV 105.6 MPH)
Batting: RHB Jim Rigsby 0-0: Ball
1-0: Ball
2-0: Foul Ball, location: 2F
2-1: Called Strike
2-2: Foul Ball, location: 2F
2-2: Ground out 1-3 (Groundball, 34S, EV 86.9 MPH)
Top of the 7th over - 0 runs, 0 hits, 0 errors, 0 left on base; St. Petersburg 2 - Toledo 7
BOTTOM OF THE 7TH
Toledo Saboteurs batting - Pitching for St. Petersburg Thunder : RHP Jyotibhasin Kodi
Batting: RHB Coy MacKey 0-0: Foul Ball, location: 2F
0-1: Swinging Strike
0-2: Ball
1-2: SOLO HOME RUN (Flyball, 78XD, EV 101.2 MPH), Distance : 400 ft
Batting: SHB Mark Thomas 0-0: Ball
1-0: Fly out, F9 (Flyball, 9LS, EV 91.9 MPH)
Batting: SHB Manuel Ortíz 0-0: Fly out, F4 (Popup, 4M, EV 51.9 MPH)
Batting: RHB Ron Ficco 0-0: Ball
1-0: Ball
2-0: Ball
3-0: Base on Balls
Batting: SHB Ralph Titus 0-0: Swinging Strike
0-1: Foul Ball, location: 2F
0-2: Ball
1-2: Ball
2-2: Ball
3-2: Ground out 1-3 (Groundball, 34S, EV 86.9 MPH)
Bottom of the 7th over - 1 run, 1 hit, 0 errors, 1 left on base; St. Petersburg 2 - Toledo 8
TOP OF THE 8TH
St. Petersburg Thunder batting - Pitching for Toledo Saboteurs : RHP Tony Ruvenacht
Pitching: LHP Carlos Poujol
Batting: LHB Lorenzo Ortíz 0-0: Ball
1-0: Foul Ball, location: 2F
1-1: Foul Ball, location: 2F
1-2: Ball
2-2: Foul Ball, location: 2F
2-2: Reached on error, E4 (Groundball, 4, EV 88.1 MPH)
Batting: LHB Caspar Fewings 0-0: Swinging Strike
0-1: Foul Ball, location: 2F
0-2: Strikes out swinging
Batting: RHB Gene Blanton 0-0: Ball
1-0: Fielders Choice at 2nd, 3-6 (Groundball, 34, EV 83.8 MPH)
Batting: RHB António Hierro 0-0: Ball
1-0: Ball
2-0: Ball
3-0: Base on Balls
Gene Blanton to second
Batting: RHB John Crosby 0-0: Ball
1-0: Ball
2-0: Swinging Strike
2-1: Swinging Strike
2-2: Ball
3-2: Strikes out swinging
Top of the 8th over - 0 runs, 0 hits, 1 error, 2 left on base; St. Petersburg 2 - Toledo 8
BOTTOM OF THE 8TH
Toledo Saboteurs batting - Pitching for St. Petersburg Thunder : RHP Jyotibhasin Kodi
Batting: LHB Gwang-soo Deungjeong 0-0: Ball
1-0: Foul Ball, location: 2F
1-1: Ball
2-1: Swinging Strike
2-2: Foul Ball, location: 2F
2-2: Ground out U3 (Groundball, 3, EV 90.6 MPH)
Batting: LHB Doug Pollock 0-0: Ball
1-0: Ball
2-0: Ball
3-0: Called Strike
3-1: Foul Ball, location: 2F
3-2: Foul Ball, location: 2F
3-2: Foul Ball, location: 2F
3-2: Base on Balls
Pitching: LHP Curt Moore
Batting: LHB Steve Washington 0-0: 2-RUN HOME RUN (Flyball, 9D, EV 101.2 MPH), Distance : 365 ft
Batting: RHB Niek Bendt 0-0: Called Strike
0-1: Fly out, F9 (Flyball, 9S, EV 88.8 MPH)
Batting: RHB Coy MacKey 0-0: Called Strike
0-1: Called Strike
0-2: Ball
1-2: Strikes out swinging
Bottom of the 8th over - 2 runs, 1 hit, 0 errors, 0 left on base; St. Petersburg 2 - Toledo 10
TOP OF THE 9TH
St. Petersburg Thunder batting - Pitching for Toledo Saboteurs : LHP Carlos Poujol
Batting: RHB Alfred Coleman 0-0: Ground out 1-3 (Groundball, P, EV 81.2 MPH)
Batting: RHB Curtis Tiger 0-0: Called Strike
0-1: Ground out 6-3 (Groundball, 6, EV 88.1 MPH)
Batting: SHB Leonard Davis 0-0: Called Strike
0-1: Ball
1-1: Ball
2-1: Ball
3-1: Called Strike
3-2: Foul Ball, location: 2F
3-2: Strikes out swinging
Top of the 9th over - 0 runs, 0 hits, 0 errors, 0 left on base; St. Petersburg 2 - Toledo 10
Friday, March 26th, 2021 - OOTP Baseball 20.8 Build 74